 Dungeon Crawl Stone Soup version 0.21-a0-110-g8e1637b (webtiles) character file.

3169 sagitran the Slasher (level 9, 0/68 HPs)
             Began as a Demonspawn Abyssal Knight on July 10, 2017.
             Was an Elder of Lugonu.
             Slain by a wyvern (8 damage)
             ... on level 8 of the Dungeon.
             The game lasted 00:56:47 (10172 turns).

sagitran the Slasher (Demonspawn Abyssal Knight)   Turns: 10172, Time: 00:56:48

Health: 0/68       AC: 14    Str: 15    XL:     9   Next: 63%
Magic:  11/11      EV: 11    Int: 17    God:    Lugonu [****..]
Gold:   366        SH:  5    Dex: 13    Spells: 8/11 levels left

rFire    + + .     SeeInvis .   a - +1 falchion
rCold    . . .     Gourm    .   (no shield)
rNeg     . . .     Faith    .   x - +4 scale mail {rC+}
rPois    .         Spirit   .   (helmet restricted)
rElec    .         Reflect  +   (no cloak)
rCorr    .         Harm     .   j - +0 pair of gloves
MR       .....                  (no boots)
Stlth    +++.......             t - +5 amulet of reflection
HPRegen  0.21/turn              d - ring of fire (curse)
MPRegen  0.12/turn              y - +3 ring of intelligence

@: no status effects
A: antennae 2, iridescent scales 1, fire resistance 1, nightstalker 1
a: Depart the Abyss, Bend Space, Banish, Corrupt, Renounce Religion


You were on level 8 of the Dungeon.
You worshipped Lugonu.
Lugonu was greatly pleased with you.
You were not hungry.

You visited 1 branch of the dungeon, and saw 9 of its levels.
You visited the Abyss 1 time.

You collected 366 gold pieces.

Inventory:

Hand Weapons
 a - a +1 falchion (weapon)
 g - a +0 hunting sling
Missiles
 i - 154 stones (quivered)
Armour
 b - a +0 leather armour
 j - a +0 pair of gloves (worn)
 x - a +4 scale mail of cold resistance (worn)
Jewellery
 d - a cursed ring of fire (left hand)
 s - an uncursed amulet of faith
 t - a +5 amulet of reflection (around neck)
 y - a +3 ring of intelligence (right hand)
Wands
 n - a wand of paralysis (0/24)
 o - a wand of random effects (6/48)
 H - a wand of scattershot (0/9)
Scrolls
 e - a scroll of amnesia
 f - 4 scrolls of remove curse
 k - 2 scrolls of magic mapping
 B - a scroll of fog
 C - a scroll of enchant weapon {unknown}
Potions
 h - 3 potions of flight
 q - a potion of brilliance {unknown}
 u - a potion of agility
 A - a potion of resistance
 F - 2 potions of haste
Books
 m - a book of Cantrips

   Spells                             Type                      Level
   a - Confusing Touch                Hexes                        1
   b - Animate Skeleton               Necromancy                   1
   c - Summon Small Mammal            Summoning                    1
   d - Apportation                    Translocation                1
 w - a book of Conjurations

   Spells                             Type                      Level
   a - Magic Dart                     Conjuration                  1
   b - Searing Ray                    Conjuration                  2
   c - Dazzling Spray                 Conjuration/Hexes            3
   d - Fulminant Prism                Conjuration/Hexes            4
   e - Force Lance                    Conjuration/Translocation    4
   f - Iskenderun's Mystic Blast      Conjuration                  4
 z - a book of Maledictions

   Spells                             Type                      Level
   a - Corona                         Hexes                        1
   b - Ensorcelled Hibernation        Hexes/Ice                    2
   c - Confuse                        Hexes                        3
   d - Tukima's Dance                 Hexes                        3
   e - Dazzling Spray                 Conjuration/Hexes            3
 G - a book of Frost

   Spells                             Type                      Level
   a - Freeze                         Ice                          1
   b - Throw Frost                    Conjuration/Ice              2
   c - Ozocubu's Armour               Charms/Ice                   3
   d - Throw Icicle                   Conjuration/Ice              4
   e - Summon Ice Beast               Ice/Summoning                4
Comestibles
 c - 4 bread rations
 l - 7 royal jellies
 p - 4 fruits
 r - 5 chunks of flesh
 v - 2 meat rations


   Skills:
 + Level 5.2 Fighting
 + Level 7.2 Long Blades
 + Level 0.1 Throwing
 + Level 5.5 Armour
 + Level 4.3 Dodging
 + Level 5.4 Stealth
 + Level 1.9 Spellcasting
 + Level 0.4 Conjurations
 + Level 2.1 Necromancy
 + Level 2.7 Invocations
 + Level 1.5 Evocations


You had 8 spell levels left.
You knew the following spells:

 Your Spells              Type           Power        Failure   Level  Hunger
a - Searing Ray           Conj           #.....       65%         2    ###....
b - Animate Skeleton      Necr           N/A          28%         1    #......


Dungeon Overview and Level Annotations

Branches:
Dungeon (9/15)             Temple (0/1) D:4
   Lair: D:8-11         Orc: D:9-12

Altars:
Ashenzari
Cheibriados
Gozag
Nemelex Xobeh
Okawaru
Ru
Sif Muna
Trog
Uskayaw

Shops:
D:5 [

Annotations:
D:5 Prince Ribbit


Innate Abilities, Weirdness & Mutations

You have a pair of antennae on your head.
You are partially covered in iridescent scales. (AC +2)
Your flesh is heat resistant. (rF+)
You are slightly more attuned to the shadows.


Message History

Aiming: Random Effects (will waste charges)
Press: ? - help, Shift-Dir - straight line, f - wyvern
Aim: a wyvern (heavily wounded)
The wyvern flickers and vanishes!
Deactivating autopickup; reactivate with Ctrl-A.
Evoking this partially-identified wand wasted a few charges.
Something bites you.
* * * LOW HITPOINT WARNING * * *
Something bites you.
* * * LOW HITPOINT WARNING * * *
Evoke which item? (* to show all) (? for menu, Esc to quit)
Aiming: Random Effects (will waste charges)
Press: ? - help, Shift-Dir - straight line Nothing appears to happen.
Evoking this partially-identified wand wasted a few charges.
Something bites you.
* * * LOW HITPOINT WARNING * * *
Something bites you but does no damage. Something bites you!
You die...

#.### ##...## ##l.# ##
##..###.....# #.).# #
###..>..##..####..## ##...##
#........## ##...#
##...#....### #####....#
##.###......##.#
#........####..# #..........
######....##%..###.[..####..
#..#..@{...##)))##
######.####.###..#).####
#.....## #.# ###......#
####..# #.# #.###..... ##.#
#.# #..# ##... #.# #.###....
.. ##.# #.#...... # #..###
......... ###..###.........


There were no monsters in sight!

Vanquished Creatures
  A two-headed ogre (D:8)
  A hippogriff (D:7)
  A water moccasin (D:5)
  An orc warrior (D:8)
  A sky beast (D:7)
  A tengu (D:4)
  A phantom (D:5)
  4 centaurs
  A big kobold (D:7)
  3 bullfrogs
  5 wights (D:6)
  2 howler monkeys
  4 crimson imps
  A bullfrog zombie (D:6)
  2 hounds
  3 orc priests
  2 orc wizards
  6 worker ants
  A worker ant zombie (D:5)
  4 gnolls
  9 adders
  A shadow imp (D:7)
  2 oozes
  A worm (D:5)
  4 dart slugs
  9 leopard geckos
  20 orcs
  3 ball pythons
  6 giant cockroaches
  15 goblins
  5 hobgoblins
  8 jackals
  6 quokkas
  6 bats
  9 frilled lizards
  A jackal skeleton (D:4)
  7 kobolds
  A quokka skeleton (D:6)
  A quokka zombie (D:6)
  10 rats
169 creatures vanquished.

Vanquished Creatures (collateral kills)
  A water moccasin (D:8)
  An orc warrior (D:7)
  A jelly (D:7)
  2 orc wizards (D:7)
  A bullfrog skeleton (D:7)
  3 orcs (D:7)
  3 jackals (D:7)
  2 kobolds (D:7)
14 creatures vanquished.

Vanquished Creatures (others)
  2 fungi (D:8)
2 creatures vanquished.

Grand Total: 185 creatures vanquished

Notes
Turn   | Place    | Note
-------+----------+-------------------------------------------
     0 | Abyss:1  | sagitran the Demonspawn Abyssal Knight began the quest for the Orb.
     0 | Abyss:1  | Reached XP level 1. HP: 18/18 MP: 2/2
     9 | D:1      | Escaped the Abyss
   120 | D:1      | Reached skill level 2 in Long Blades
   126 | D:1      | Gained mutation: You are slightly more attuned to the shadows. [demonic ancestry]
   126 | D:1      | Reached XP level 2. HP: 18/24 MP: 4/4
   474 | D:1      | Reached ** piety under Lugonu
   612 | D:1      | Reached XP level 3. HP: 22/29 MP: 5/5
   847 | D:2      | Reached skill level 1 in Dodging
  1535 | D:3      | Found a sparkling altar of Nemelex Xobeh.
  1541 | D:3      | Gained mutation: You are partially covered in iridescent scales. (AC +2) [demonic ancestry]
  1541 | D:3      | Reached XP level 4. HP: 29/35 MP: 6/6
  1707 | D:2      | Reached *** piety under Lugonu
  1901 | D:3      | Reached skill level 3 in Long Blades
  2077 | D:3      | Reached skill level 1 in Stealth
  2084 | D:3      | Reached XP level 5. HP: 9/41 MP: 7/7
  2349 | D:5      | Entered Level 5 of the Dungeon
  2349 | D:5      | Noticed a phantom
  2606 | D:4      | Found a snail-covered altar of Cheibriados.
  2606 | D:4      | Found an iron altar of Okawaru.
  2626 | D:4      | Found a bloodstained altar of Trog.
  3239 | D:3      | Reached skill level 4 in Long Blades
  3568 | D:3      | Learned a level 2 spell: Searing Ray
  3570 | D:3      | Learned a level 1 spell: Animate Skeleton
  3825 | D:4      | Noticed Eustachio
  3839 | D:4      | Found a staircase to the Ecumenical Temple.
  3935 | D:4      | Noticed Eustachio
  3935 | D:4      | Eustachio changed into Eustachio the tengu
  3953 | D:4      | Killed Eustachio the tengu
  3953 | D:4      | Gained mutation: You have a pair of small antennae on your head. [demonic ancestry]
  3953 | D:4      | Reached XP level 6. HP: 14/48 MP: 6/8
  4290 | D:5      | Found a shattered altar of Ashenzari.
  4471 | D:5      | Noticed Prince Ribbit
  4874 | D:5      | Noticed a water moccasin
  4875 | D:5      | Found a hide-covered altar of Uskayaw.
  4878 | D:5      | Noticed a dagger
  4878 | D:5      | Noticed an enchanted dagger
  5094 | D:5      | Gained mutation: You have a pair of antennae on your head. [demonic ancestry]
  5094 | D:5      | Reached XP level 7. HP: 38/54 MP: 9/9
  5116 | D:5      | Found Jacor's Antique Armour Emporium.
  5152 | D:5      | Found an opulent altar of Gozag.
  5217 | D:5      | Found a sacrificial altar of Ru.
  5263 | D:5      | Reached skill level 1 in Necromancy
  5335 | D:6      | Reached skill level 5 in Long Blades
  6110 | D:6      | Reached skill level 1 in Spellcasting
  6809 | D:6      | Gained mutation: Your flesh is heat resistant. (rF+) [demonic ancestry]
  6809 | D:6      | Reached XP level 8. HP: 57/61 MP: 10/10
  6984 | D:6      | Found a deep blue altar of Sif Muna.
  7491 | D:7      | Found a bloodstained altar of Trog.
  7627 | D:7      | Reached skill level 6 in Long Blades
  8194 | D:7      | Noticed a hippogriff
  8836 | D:7      | Killed a hippogriff
  8836 | D:7      | Reached skill level 5 in Fighting
  8836 | D:7      | Reached skill level 1 in Evocations
  8836 | D:7      | Reached XP level 9. HP: 68/68 MP: 11/11
  8922 | D:7      | Reached **** piety under Lugonu
  9424 | D:8      | Reached skill level 5 in Armour
  9648 | D:8      | Noticed a two-headed ogre
  9673 | D:8      | HP: 3/68 [two-headed ogre/giant spiked club (18)]
  9674 | D:8      | HP: 1/68 [two-headed ogre/giant spiked club (3)]
  9687 | D:8      | Killed a two-headed ogre
  9687 | D:8      | Reached skill level 7 in Long Blades
  9687 | D:8      | Reached skill level 5 in Stealth
 10172 | D:8      | Slain by a wyvern

Vault maps used:
D:1:      minmay_arrival_loop
D:2:      minmay_pentomino_s4
D:3:      minmay_door_path, nemelex_xobeh_ov_fountains_minmay, minmay_cut_off
D:4:      gammafunk_temple_overflow_elements, minmay_temple_entry_trees,
          trog_three_pillars_becter, uniq_eustachio
D:5:      minmay_diamond_boxcup, marbit_many_paths, lemuel_doored_altar,
          nicolae_ru_path_of_blood,
          nicolae_gozag_cash_rules_everything_around_me,
          dancing_weapons_uskayaw, serial_shops, shop, first_bread,
          uniq_prince_ribbit1
D:6:      led_sif_pool
D:7:      bloody_trog
D:8:      dpeg_oklobed_lair
D:9:      orc_0_dummy, grunt_ministairs_1, uniq_joseph, uniq_pikel, uniq_erolcha
Abyss:1:  minivault_5

Skill      XL: |  1  2  3  4  5  6  7  8  9 |
---------------+----------------------------+-----
Armour         | 2 3 4 5 |  5.5
Long Blades    | 2 3 4 5 6 7 |  7.2
Dodging        | 1 2 4 |  4.3
Stealth        | 1 2 3 5 |  5.4
Fighting       | 4 5 |  5.2
Necromancy     | 1 2 |  2.1
Spellcasting   | 1 |  1.9
Evocations     | 1 |  1.5
Throwing       | |  0.1
Conjurations   | |  0.4
Invocations    | |  2.7

Action                   |  1- 3 |  4- 6 |  7- 9 || total
-------------------------+-------+-------+-------++-------
Melee: Falchion          |   112 |   237 |   503 ||   852
 Fire: Hunting sling     |       |       |     2 ||     2
Throw: Stone             |     3 |     7 |    10 ||    20
 Cast: Searing Ray       |       |     2 |     1 ||     3
       Animate Skeleton  |       |     2 |    17 ||    19
Evoke: Wand              |       |     4 |    16 ||    20
  Use: Scroll            |     3 |     5 |     8 ||    16
       Potion            |       |     3 |     7 ||    10
 Stab: Sleeping          |     4 |     4 |     1 ||     9
       Distracted        |       |     1 |     2 ||     3
       Paralysed         |       |       |    27 ||    27
  Eat: Bread ration      |     1 |     1 |     3 ||     5
       Meat ration       |       |     1 |     1 ||     2
       Chunk             |       |       |     1 ||     1
Armor: Leather armour    |    38 |    72 |    22 ||   132
       Skin              |       |     1 |       ||     1
       Scale mail        |       |       |   207 ||   207
Dodge: Dodged            |    79 |   157 |   242 ||   478
Block: Other             |       |    24 |   137 ||   161
       Reflection        |       |       |     9 ||     9
       Rpst.: Falchion   |    23 |    59 |    64 ||   146
